AoeStats
← Mr_Unorthodox_

Arena

509031862Analyzed
1v1 RM · 8d ago on Sep 25, 2026· 84m 1s· 2 players
Game mode
Random Map
Map size
Tiny (2 player)
Population
200
Speed
Normal
Resources
Standard
Victory
Conquest
Starting age
Dark Age
Ending age
Imperial Age
RankedLock teamsTeams togetherTeam positionsShared explorationLock speedFull tech treeHidden civsTurbo modeCheats
Victory
Defeat
🇨🇳 Portuguese · China
1117
+15
🇺🇸 Italians · United States
1099
-15
Mr_Unorthodox_
11:30 Loom
13:16 Feudal Age
14:26 Double-Bit Axe
14:25 Horse Collar
17:14 Castle Age
18:29 Bow Saw
21:22 Imperial Age
20:04 Scale Mail Armor
21:25 Chain Mail Armor
21:17 Squires
21:07 Arson
21:43 Capped Ram
25:45 Forging
34:17 Chemistry
44:20 Wheelbarrow
43:48 Heavy Plow
44:35 Plate Mail Armor
56:05 Light Cavalry
56:56 Scale Barding Armor
56:59 Hussar
57:50 Bloodlines
57:41 Husbandry
58:20 Iron Casting
58:06 Chain Barding Armor
60:31 Blast Furnace
60:56 Plate Barding Armor
72:01 Crop Rotation
72:34 Two-Man Saw
71:59 Hand Cart
81:44 Guilds
lanlinxxs
9:46 Feudal Age
14:02 Castle Age
12:06 Double-Bit Axe
12:21 Horse Collar
18:30 Stone Mining
18:31 Gold Mining
20:37 Loom
21:10 Bow Saw
22:28 Wheelbarrow
28:03 Imperial Age
27:31 Fortified Wall
32:13 Chemistry
31:36 Guilds
35:41 Hand Cart
36:49 Masonry
38:38 Stone Shaft Mining
37:54 Town Watch
39:40 Two-Man Saw
38:34 Fletching
39:10 Conscription
39:05 Arquebus
39:30 Ballistics
39:44 Bodkin Arrow
41:07 Siege Engineers
40:44 Treadmill Crane
42:13 Architecture
42:50 Town Patrol
43:09 Bracer
45:57 Scale Barding Armor
46:03 Forging
45:27 Sappers
49:17 Chain Barding Armor
48:20 Elite Organ Gun
49:40 Iron Casting
51:39 Bombard Tower
51:15 Murder Holes
51:11 Guard Tower
55:10 Plate Barding Armor
55:36 Blast Furnace
54:00 Onager
57:55 Scale Mail Armor
57:56 Padded Archer Armor
58:41 Husbandry
58:38 Cavalier
60:38 Keep
60:37 Bloodlines
65:23 Man-at-Arms
65:48 Gambesons
65:24 Pikeman
65:49 Arson
67:59 Chain Mail Armor
68:00 Leather Archer Armor
67:08 Long Swordsman
69:04 Plate Mail Armor
67:57 Two-Handed Swordsman
71:01 Herbal Medicine
70:54 Champion
70:59 Halberdier
73:34 Ring Archer Armor
72:30 Light Cavalry
73:27 Circumnavigation
76:02 Spies/Treason
78:28 Capped Ram
Connection lost

Rejoining the realm…

Still unreachable

The connection could not be restored.

Session expired

The server has moved on; the page needs a fresh start.